 Dungeon Crawl Stone Soup version 0.25-a0-435-g4b9beb1024 (webtiles) character file.

Game seed: 12400702037914685192, levelgen mode: deterministic

451 Nattfarinn the Caller (level 7, -1/52 HPs)
             Began as a Barachi Summoner on Jan 27, 2020.
             Was an Initiate of Cheibriados.
             Slain by an ogre
             ... wielding a +0 giant spiked club
              (23 damage)
             ... on level 4 of the Dungeon.
             The game lasted 00:13:02 (5728 turns).

Nattfarinn the Caller (Barachi Summoner)            Turns: 5728, Time: 00:13:02

Health: -1/52      AC:  3    Str: 11    XL:     7   Next: 4%
Magic:  10/12      EV: 12    Int: 18    God:    Cheibriados [......]
Gold:   146        SH:  0    Dex: 13    Spells: 8/13 levels left

rFire    . . .     SeeInvis .   m - +1 dagger (venom)
rCold    . . .     Gourm    .   (no shield)
rNeg     . . .     Faith    .   g - +0 leather armour
rPois    .         Spirit   .   (no helmet)
rElec    .         Reflect  .   (no cloak)
rCorr    .         Harm     .   (no gloves)
MR       .....                  (no boots)
Stlth    ++........             (no amulet)
HPRegen  0.17/turn              (no ring)
MPRegen  0.13/turn              (no ring)

@: very slow
A: +LOS, swims, slowness 1, strong legs 1
a: Hop, Bend Time, Renounce Religion


You were on level 4 of the Dungeon.
You worshipped Cheibriados.
Cheibriados was noncommittal.
You were very hungry.

You visited 2 branches of the dungeon, and saw 5 of its levels.

You collected 146 gold pieces.

Inventory:

Hand Weapons
 b - a +0 spear
 e - a +2 antimagic dagger
 m - a +1 dagger of venom (weapon)
Armour
 a - a +0 robe
 g - a +0 leather armour (worn)
 k - a +0 chain mail
 p - a +0 large shield
Wands
 i - a wand of polymorph (6)
Scrolls
 f - 2 scrolls of identify
 h - a scroll of amnesia
 o - 2 scrolls of immolation {unknown}
 r - a scroll of noise {unknown}
Potions
 d - a potion of lignification
 j - 2 potions of curing
 l - a potion of mutation
Comestibles
 c - 8 rations


   Skills:
 + Level 3.2 Fighting
 * Level 4.6 Armour
 - Level 2.1 Dodging
 - Level 1.7 Stealth
 + Level 3.5 Spellcasting
 * Level 6.8 Summonings


You had 8 spell levels left.
You knew the following spells:

 Your Spells              Type           Power        Failure   Level  Hunger
b - Call Imp              Summ           ####....     1%          2    ##.....
c - Call Canine Familiar  Summ           ####....     3%          3    ###....

Your spell library contained the following spells:

 Spells                   Type           Power        Failure   Level  Hunger
 Summon Small Mammal      Summ           ####         1%          1    None
 Summon Guardian Golem    Hex/Summ       ###.....     14%         3    ###....
 Magic Dart               Conj           #...         21%         1    None
 Blink                    Tloc           N/A          30%         2    ##.....
 Slow                     Hex            #.......     30%         2    ##.....
 Summon Ice Beast         Ice/Summ       ###.....     43%         4    ####...
 Summon Lightning Spire   Summ/Air       ###.....     43%         4    ####...
 Conjure Flame            Conj/Fire      #.......     52%         3    ###....
 Mephitic Cloud           Conj/Pois/Air  #.......     52%         3    ###....


Dungeon Overview and Level Annotations

Branches:
Dungeon (4/15)             Temple (1/1) D:4

Altars:
Cheibriados
Elyvilon
Fedhas
Gozag
Kikubaaqudgha
Makhleb
Okawaru
Qazlal
Ru
Trog
Uskayaw
Vehumet
Wu Jian
Xom
Yredelemnul
Zin


Innate Abilities, Weirdness & Mutations

You can be seen from farther away. (+LOS)
You can swim through water.
You cover ground slowly.
You can hop short distances.


Message History

The ogre is lightly wounded.
The ogre closely misses you.
Your hound bites the ogre.
The ogre closely misses your hound.
Your hound bites the ogre but does no damage.
Your hound bites the ogre.
Your hound bites the ogre.
The ogre barely misses your hound.
Your hound bites the ogre.
The ogre hits your hound with a +0 giant spiked club!
Your hound dies!
Your hound's corpse disappears in a puff of smoke!
You hit the ogre but do no damage.
The ogre is severely wounded.
The ogre hits you with a +0 giant spiked club!!
* * * LOW HITPOINT WARNING * * *
You barely miss the ogre.
The ogre is severely wounded.
The ogre misses you.
You feel much better.
The ogre hits you with a +0 giant spiked club!!
You die...

# ........ #. .....! ##.# #....#
#...##.... ### #.. #....##..# ..#
##.....# #
##.....##.##..###......###
##.........##..............
#.........O...#...........#
#.####........@...##...........
###.. .........###..#.........#..
.... .......#..##.....# #.....##
##..##......##........####.......
.....##..................#...[.#.
.............._.[...###.......#..
.....................##..#.##.#..
..........#.....⌠.........###..##
..).......##.........#.#...##....


You could see an ogre.

Vanquished Creatures
  A bullfrog (D:4)
  An orc priest (D:4)
  2 orc wizards (D:4)
  A gnoll (D:2)
  A worm (D:2)
  A leopard gecko (D:3)
  2 orcs (D:4)
  2 giant cockroaches
  8 goblins
  7 hobgoblins
  4 jackals (D:1)
  A ball python (D:1)
  4 bats
  3 frilled lizards
  4 kobolds
  A quokka skeleton (D:4)
  4 rats
47 creatures vanquished.

Vanquished Creatures (collateral kills)
  An ogre (D:3)
  A scorpion (D:4)
  A howler monkey (D:4)
  A hound (D:4)
  A bullfrog skeleton (D:4)
  An orc priest (D:4)
  An orc wizard (D:4)
  A worker ant (D:2)
  10 gnolls
  2 adders
  An adder skeleton (D:4)
  4 worms
  A dart slug (D:2)
  A leopard gecko (D:1)
  4 orcs (D:4)
  2 goblins (D:3)
  A hobgoblin (D:2)
  2 quokkas
  A bat (D:2)
  2 frilled lizards
  2 kobolds (D:2)
  5 rats
46 creatures vanquished.

Grand Total: 93 creatures vanquished

Notes
Turn   | Place    | Note
-------+----------+-------------------------------------------
     0 | D:1      | Nattfarinn the Barachi Summoner began the quest for the
                  | Orb.
     0 | D:1      | Reached XP level 1. HP: 13/13 MP: 3/3
   122 | D:1      | Reached skill level 5 in Summonings
   124 | D:1      | Reached skill level 1 in Armour
   124 | D:1      | Reached XP level 2. HP: 16/20 MP: 5/5
   372 | D:1      | Learned a level 2 spell: Call Imp
   983 | D:1      | Reached skill level 1 in Fighting
  1250 | D:2      | Reached XP level 3. HP: 26/26 MP: 3/6
  1255 | D:2      | Learned a level 3 spell: Call Canine Familiar
  1768 | D:2      | Reached XP level 4. HP: 32/32 MP: 7/7
  2766 | D:3      | HP: 1/33 [gnoll/cursed +0 spear (12)]
  3157 | D:3      | Reached XP level 5. HP: 32/38 MP: 0/9
  3678 | D:4      | Noticed an ogre
  3694 | D:3      | Killed an ogre
  3694 | D:3      | Reached skill level 6 in Summonings
  4284 | D:4      | Reached XP level 6. HP: 19/46 MP: 1/10
  5174 | D:4      | Found a staircase to the Ecumenical Temple.
  5179 | D:4      | Reached XP level 7. HP: 50/52 MP: 12/12
  5189 | Temple   | Entered the Ecumenical Temple
  5686 | D:4      | Found a snail-covered altar of Cheibriados.
  5693 | D:4      | Found a sacrificial altar of Ru.
  5698 | D:4      | Became a worshipper of Cheibriados the Contemplative
  5728 | D:4      | Slain by an ogre

Levels and vault maps discovered:
D:1:      dpeg_arrival_snail, layout_loops_ring, serial_forest,
          infiniplex_forest_lined_3, infiniplex_forest_clump_small,
          infiniplex_forest_clump_small, infiniplex_forest_corner_1,
          infiniplex_forest_straight_5
D:2:      minmay_angry_zag, layout_rooms, first_ration, hangedman_decor_push
D:3:      layout_basic, bh_walls_and_bars
D:4:      layout_cave_pools, grunt_temple_overflow_open,
          minmay_temple_entry_mini_moons, serial_shops, kennysheep_mini_moat,
          minmay_misc_feat_iff
Temple:   eino_temple_water

Skill      XL: |  1  2  3  4  5  6 |
---------------+-------------------+-----
Summonings     | 5 6 |  6.8
Armour         | 1 2 3 4 |  4.6
Fighting       | 1 2 3 |  3.2
Spellcasting   | 3 |  3.5
Dodging        | |  2.1
Stealth        | |  1.7

Action                   |  1- 3 |  4- 6 |  7- 9 || total
-------------------------+-------+-------+-------++-------
Melee: Spear             |   128 |   109 |     7 ||   244
       Dagger            |       |    11 |     8 ||    19
 Cast: Call Imp          |     4 |    17 |     1 ||    22
       Call Canine Famil |     3 |    22 |     2 ||    27
  Use: Potion            |     1 |     6 |     1 ||     8
       Scroll            |       |     7 |       ||     7
 Stab: Sleeping          |     2 |       |       ||     2
       Distracted        |       |     1 |       ||     1
  Eat: Chunk             |     4 |     8 |     1 ||    13
       Ration            |       |     2 |       ||     2
Armor: Robe              |    24 |     6 |       ||    30
       Skin              |     9 |       |       ||     9
       Leather armour    |       |     8 |       ||     8
Dodge: Dodged            |    80 |    67 |     9 ||   156

Table legend:
 A = Non-vault XP
 B = Vault XP
 C = Vault XP percentage of total XP
 D = Non-vault monster count
 E = Vault monster count
 F = Vault count percentage of total count
                 A         B        C        D         E       F
            +---------+---------+-------+---------+---------+-------
      Total |     638 |       7 |   1.1 |      89 |       4 |   4.3
            +---------+---------+-------+---------+---------+-------
        D:1 |      31 |       0 |   0.0 |      19 |       0 |   0.0
        D:2 |      74 |       7 |   8.6 |      24 |       4 |  14.3
        D:3 |     150 |       0 |   0.0 |      24 |       0 |   0.0
        D:4 |     383 |       0 |   0.0 |      22 |       0 |   0.0
            +---------+---------+-------+---------+---------+-------
